 Dungeon Crawl Stone Soup version 0.29-a0-322-g68df515428 (webtiles) character file.

Game seed: 5781789183066941056

105 siradein the Conjurer (level 4, 0/33 HPs)
             Began as a Draconian Conjurer on Apr 8, 2022.
             Slain by a goblin
             ... wielding a +0 club
             ... led by Robin
              (6 damage)
             ... on level 3 of the Dungeon.
             The game lasted 00:04:00 (2410 turns).

siradein the Conjurer (Draconian Conjurer)          Turns: 2410, Time: 00:04:01

Health: 0/33       AC:  5    Str:  9    XL:     4   Next: 54%
Magic:  6/8        EV: 12    Int: 21    God:
Gold:   115        SH:  0    Dex:  9    Spells: 6/9 levels left

rFire   . . .      SeeInvis .   e - +1 short sword (venom)
rCold   . . .      Faith    .   (no shield)
rNeg    . . .      Spirit   .   (body armour unavailable)
rPois   .          Reflect  .   (helmet restricted)
rElec   .          Harm     .   (no cloak)
rCorr   .          Rampage  .   (no gloves)
Will    +....                   (no boots)
Stlth   ++........              (no amulet)
HPRegen 0.11/turn               h - ring of willpower
MPRegen 0.11/turn               (no ring)

@: no status effects
A: AC +5, unfitting armour, cold-blooded
a: no special abilities


You were on level 3 of the Dungeon.
You visited 1 branch of the dungeon, and saw 3 of its levels.

You collected 115 gold pieces.

Inventory:

Hand Weapons
 e - a +1 short sword of venom (weapon)
Jewellery
 h - a ring of willpower (left hand)
Scrolls
 b - 2 scrolls of teleportation {unknown}
 d - 5 scrolls of identify {unknown}
 g - a scroll of blinking {unknown}
 i - a scroll of immolation {unknown}
Potions
 a - a potion of magic
 c - a potion of haste {unknown}
 f - a potion of heal wounds {unknown}
 j - a potion of lignification {unknown}
 k - a potion of flight {unknown}


   Skills:
 + Level 2.9 Dodging
 - Level 1.7 Stealth
 + Level 3.0 Spellcasting
 + Level 4.7 Conjurations


You had 6 spell levels left.
You knew the following spells:

 Your Spells              Type           Power      Damage    Failure   Level
a - Magic Dart            Conj           92%        1d7       1%          1
b - Searing Ray           Conj           46%        2d6       2%          2

Your spell library contained the following spells:

 Spells                   Type           Power      Damage    Failure   Level
 Apportation              Tloc           6%         N/A       13%         1
 Dazzling Flash           Conj/Hex       26%        N/A       16%         3
 Fulminant Prism          Conj/Hex       6%         3d7       45%         4
 Iskenderun's Mystic Bla  Conj/Tloc      13%        2d5       45%         4
 Alistair's Intoxication  Tmut/Pois      2%         N/A       98%         5


Dungeon Overview and Level Annotations

Branches:
Dungeon (3/15)

Altars:

Annotations:
D:3 Robin


Innate Abilities, Weirdness & Mutations

Your plain brown scales are hard. (AC +5)
You cannot fit into any form of body armour.
You are cold-blooded and may be slowed by cold attacks.


Message History

You hit the goblin.
You kill the goblin!
You completely miss the hobgoblin. Robin throws the goblin at you!
The hobgoblin hits you. The goblin hits you but does no damage.
The hobgoblin hits you. The goblin hits you with a +0 dagger.
You barely miss the hobgoblin. The goblin hits you but does no damage.
The hobgoblin closely misses you.
You hit the hobgoblin.
The hobgoblin is poisoned.
The hobgoblin is almost dead.
A goblin comes into view. It is wielding a +0 club.
The goblin closely misses you. The hobgoblin closely misses you.
You hit the hobgoblin.
You kill the hobgoblin!
The goblin closely misses you.
You hit the hobgoblin but do no damage.
Robin roars a battlecry!
The goblins go into a battle-frenzy!
The goblin hits you with a +0 dagger. The hobgoblin hits you.
You hear a shout!
You barely miss the hobgoblin. The goblin hits you with a +0 dagger.
The hobgoblin closely misses you.
You are too injured to fight recklessly!
You are too injured to fight recklessly!
You are too injured to fight recklessly!
You are too injured to fight recklessly!
The hobgoblin attacks as you move away! The hobgoblin closely misses you.
You barely miss the goblin. The goblin closely misses you.
You hit the goblin.
You kill the goblin!
Robin says, "Duck!"
You barely miss the hobgoblin. Robin throws the goblin at you!
The hobgoblin misses you.
You closely miss the hobgoblin.
You punch the hobgoblin, but do no damage.
The goblin hits you with a +0 club.
* * * LOW HITPOINT WARNING * * *
Robin barely misses you. The hobgoblin hits you.
* * * LOW HITPOINT WARNING * * *
You hit the hobgoblin but do no damage. The goblin hits you with a +0 club.
You die...

.. #.#....# # #. ###.#....#
#. #. ...+....# #.#.
####.#....# ##
#...###.........# #.
#.)g)).......#.#####.#.
.......###g##†##.#.......#.
....... #g##.##.#########.
....g.. #@##.##.........'.
....g.# #g##.############.
.gg.!. #.##.# ##########.
.g.... #.##.# #..........
g..... #.##.# #.........†
..##.# #.......... .##
#.......... . #..........
#..........


You could see Robin, a hobgoblin (strong) and a goblin (strong).

Vanquished Creatures
  Jessica (D:2)
  2 adders (D:3)
  A worm (D:2)
  A dart slug (D:1)
  3 endoplasms
  A giant cockroach (D:1)
  7 goblins (D:3)
  6 hobgoblins
  8 jackals (D:1)
  A kobold (D:1)
  3 quokkas (D:2)
  6 ball pythons
  5 bats
  4 frilled lizards
  3 rats (D:1)
52 creatures vanquished.

Notes
Turn   | Place    | Note
-------+----------+-------------------------------------------
     0 | D:1      | siradein the Draconian Conjurer began the quest for the
                  | Orb.
     0 | D:1      | Reached XP level 1. HP: 14/14 MP: 3/3
   449 | D:1      | Reached XP level 2. HP: 20/20 MP: 1/5
   535 | D:1      | Learned a level 2 spell: Searing Ray
  1236 | D:2      | Reached XP level 3. HP: 25/26 MP: 2/6
  1320 | D:2      | Noticed Jessica
  1333 | D:2      | Killed Jessica
  1777 | D:2      | Reached XP level 4. HP: 33/33 MP: 6/8
  2383 | D:3      | Noticed Robin
  2410 | D:3      | Slain by a goblin

Illustrated notes

Levels and vault maps discovered:
D:1:      dpeg_arrival_three_same_balls, layout_basic
D:2:      layout_basic, minmay_tetromino_o2, uniq_jessica
D:3:      layout_basic, mainiacjoe_overflow_big_doors, chequers_mini_garden,
          chequers_serial_rivers_room_b, uniq_robin

Skill      XL: |  1  2  3  4 |
---------------+-------------+-----
Dodging        | 2 |  2.9
Spellcasting   | 3 |  3.0
Stealth        | |  1.7
Conjurations   | |  4.7

Action                   |  1- 3 |  4- 6 || total
-------------------------+-------+-------++-------
Melee: Unarmed           |    20 |       ||    20
       Tailslap          |     4 |     1 ||     5
       Short sword       |    28 |    20 ||    48
       Punch             |       |     1 ||     1
 Cast: Magic Dart        |    51 |    22 ||    73
Armor: Skin              |    28 |     8 ||    36
Dodge: Dodged            |    39 |    16 ||    55

Table legend: (Time is in decaauts)
 A = Elapsed time spent in this place.
 B = Non-inter-level travel time spent in this place.
 C = Inter-level travel time spent in this place.
 D = Time resting spent in this place.
 E = Time spent auto-exploring this place.
 F = Levels seen in this place.
 G = Mean time per level.
                   A        B        C        D        E       F      G
               +--------+--------+--------+--------+--------+-----+--------+
         Total |   2413 |   2350 |     63 |      0 |   2102 |   3 |  804.3 |
       Dungeon |   2413 |   2350 |     63 |      0 |   2102 |   3 |  804.3 |
               +--------+--------+--------+--------+--------+-----+--------+

Top non-repeatable levels by time:
     D:1: 1179 daAuts
     D:2: 862 daAuts
     D:3: 370 daAuts
